[Event "Early-Titled-Tuesday-Blitz-May-07-2024"]
[Site "Chess.com"]
[Date "2024.05.07"]
[Round "5"]
[White "Aryan_Tamadon"]
[Black "schackspelaren"]
[Result "1-0"]
[WhiteElo "2561"]
[BlackElo "2380"]
[TimeControl "180+1"]
[EndTime "9:00:57 PDT"]
[Termination "Aryan_Tamadon won by resignation"]

1. Nf3 g6 2. d3 Bg7 3. g3 d5 4.
Bg2 c5 5. O-O Nc6 6. Nc3 Nf6 7. a4 O-O 8. Bd2 h6 9. Qc1 Kh7 10. e4 d4 11. Nb1 e5 12. Na3 Be6 13.
Re1 Nd7 14. Nh4 b6 15. Nc4 Bxc4 16. dxc4 Rc8 17. Bf1 Qe7 18. Bd3 Nd8 19. f4 exf4 20. Bxf4 Ne5 21. Rf1 Nxd3 22. cxd3 Rc6 23. Bd2 Ne6 24.
Rf2 Ng5 25. Qf1 Rf6 26. Bxg5 hxg5 27. Nf3 Bh6 28. Qh3 Kg7 29. Raf1 g4 30. Qxg4 Be3 31. Kg2 Bxf2 32. Rxf2 Qe6 33. Qg5 Rh8 34. h4 Rh5 35. Qd2 Qg4 36. Ng5 Rxf2+ 37. Qxf2 Rxg5 38. hxg5 Qxg5 39. Qf4 Qxf4 40. gxf4 Kh6 41. Kg3 Kh5 42. Kh3 f6 43.
Kg3 Kh6 44. Kh4 Kg7 45. Kg4 Kh6 46. Kh4 Kg7 47. e5 fxe5 48. fxe5 Kf7 49. Kg5 Ke6 50. Kxg6 Kxe5 51. Kg5 a6 52. Kg4 Ke6 53. Kg5 Ke5 54. Kg4 Ke6 55. Kf4 Kf6 56. Ke4 Ke6 57. a5 bxa5 58.
b3 Kd6 59. Kf5 Kd7 60. Ke5 Kc6 61. Ke6 Kb6 62. Kd6 a4 63. bxa4 Ka5 64. Kxc5 Kxa4 65. Kb6 a5 66. c5 Kb4 67. c6 a4 68. c7 a3 69. c8=Q a2 70. Qc1 Kb3 71. Qa1 Kc2 72. Qxd4 1-0

[Event "Early-Titled-Tuesday-Blitz-May-07-2024"]
[Site "Chess.com"]
[Date "2024.05.07"]
[Round "5"]
[White "youngKID"]
[Black "Anton_Demchenko"]
[Result "1-0"]
[WhiteElo "2839"]
[BlackElo "2919"]
[TimeControl "180+1"]
[EndTime "9:00:58 PDT"]
[Termination "youngKID won by resignation"]

1. Nf3 Nf6 2. d4 d6 3. Nc3 Bf5 4. Bg5 Nbd7 5. g3 h6 6. Bxf6 Nxf6 7. Bg2 Bh7 8. O-O e6 9. Re1 d5 10. e3 Be7 11. Ne2 O-O 12. c4 c6 13. Rc1 Qb6 14. Qb3 dxc4 15. Rxc4 Qxb3 16. axb3 Nd5 17. Ne5 Rfd8 18.
Rd1 Nb4 19. e4 a5 20. Rcc1 a4 21. bxa4 Rxa4 22. Nc3 Raa8 23. Nc4 Kf8 24. f4 Bf6 25. e5 Be7 26. Be4 Bg8 27. Bb1 b5 28. Ne3 Rd7 29.
Kf2 Rad8 30. Ne2 f5 31. Rc3 Bf7 32. Rdc1 Ra7 33. h3 Be8 34. Kf3 Ra1 35. Kf2 Ra7 36. Kf3 Bd7 37. g4 g6 38. g5 hxg5 39. Rg1 Kf7 40.
fxg5 Rh8 41. Nf4 Ra1 42. Rf1 Bxg5 43. Neg2 Be7 44. Kg3 g5 45. Ne2 Ke8 46. Kh2 g4 47.
Nef4 Bg5 48. Kg3 gxh3 49. Nxh3 Bh6 50. Nhf4 Rg8+ 51. Kh2 Ra7 52. Re1 Ke7 53. Rh3 Bxf4+ 54. Nxf4 Rg7 55. Rg1 Rxg1 56. Kxg1 Kd8 57. Kf2 Kc7 58.
Rh7 Kb6 59. Kf3 Nd5 60. Nxd5+ cxd5 61. Kf4 b4 62. Rh6 Rc7 63. Bxf5 Rc4 64. Bxe6 Rxd4+ 65.
Kf5 Bxe6+ 66. Kxe6 Kc5 67. Kd7 Rd2 68. Rc6+ Kb5 69. e6 Rxb2 70. e7 Re2 71. Re6 Rxe6 72. Kxe6 b3 73. e8=Q+ Kc4 74. Qc6+ Kb4 75. Kxd5 b2 76.
Qc2 Ka3 77. Qb1 Kb3 78. Kd4 Ka3 79. Kc3 1-0

[Event "Early-Titled-Tuesday-Blitz-May-07-2024"]
[Site "Chess.com"]
[Date "2024.05.07"]
[Round "5"]
[White "GMSrinath"]
[Black "kachsona"]
[Result "0-1"]
[WhiteElo "2828"]
[BlackElo "2638"]
[TimeControl "180+1"]
[EndTime "9:01:05 PDT"]
[Termination "kachsona won by resignation"]

1. Nf3 d5 2. e3 Nf6 3. c4 c5 4.
cxd5 Nxd5 5. b3 Nc6 6. Bb2 Bg4 7.
Nc3 e6 8. Nxd5 exd5 9. h3 Bh5 10.
Be2 f6 11. O-O Bd6 12. d4 O-O 13. dxc5 Bxc5 14. Rc1 Be7 15. Nd4 Bxe2 16. Qxe2 Nxd4 17.
Bxd4 Qd7 18. Rc2 b6 19. Rfc1 Rac8 20. Qg4 Qxg4 21. hxg4 Rxc2 22. Rxc2 Kf7 23. Rc7 Ra8 24. a4 Ke6 25. a5 bxa5 26. Bxa7 Kd6 27. Rb7 Rc8 28.
f4 g6 29. Kf2 f5 30. g5 Ke6 31. Bd4 Ra8 32. Ba7 Rc8 33. Kf3 Rc6 34. Bd4 Ra6 35.
Rb8 Rc6 36. g3 Bc5 37. Bf6 Rb6 38. Rxb6+ Bxb6 39. Ke2 Bc5 40. Kd3 Bb6 41. Bg7 Kd6 42. Be5+ Kc6 43. Bc3 Kb5 44. Bd2 Bc5 45. Kc2 Bb6 46.
Bc1 Bc5 47. Kd3 Bb6 48. Kc3 Bc5 49. Kc2 Bb6 50. Bd2 Bc5 51. Kd3 Bb6 52. Ke2 Bc5 53. Kf3 Bb4 54. Bc1 Bc3 55. Ba3 Bb4 56. Bb2 Bc5 57. Bc3 Bb4 58. Bf6 Bd2 59. Be7 Bb4 60.
Bd8 Bc5 61. g4 fxg4+ 62. Kxg4 Bxe3 63. Kf3 Bb6 64. Be7 Bc5 65. Bd8 Kb4 66. Ke2 Kxb3 67. Bxa5 Kc2 68. Bd2 d4 69. Ke1 d3 70. Ba5 Ba3 71.
Bd2 Bc1 0-1

[Event "Early-Titled-Tuesday-Blitz-May-07-2024"]
[Site "Chess.com"]
[Date "2024.05.07"]
[Round "5"]
[White "andriipalchuk"]
[Black "LeoLV10"]
[Result "1-0"]
[WhiteElo "2616"]
[BlackElo "2472"]
[TimeControl "180+1"]
[EndTime "9:01:15 PDT"]
[Termination "andriipalchuk won by checkmate"]

1. d4 Nf6 2. c4 c5 3. Nf3 e6 4. g3 d5 5. cxd5 exd5 6. Bg2 Nc6 7. O-O Be7 8. Nc3 O-O 9. Bg5 Ne4 10. Bxe7 Nxe7 11. dxc5 Nxc3 12. bxc3 Qa5 13. Qd4 Be6 14. Rfb1 Nf5 15. Qb4 Qc7 16. Nd4 Nxd4 17. cxd4 Rab8 18. Rc1 Qc6 19. a4 Bd7 20. Qb3 Be6 21. Qb5 Qc7 22. Rab1 Bd7 23. Qb3 Bf5 24. Rb2 Rfd8 25. Bxd5 Qd7 26.
e4 Bh3 27. c6 Qc7 28. Bxf7+ Kh8 29. Bd5 bxc6 30. Qc3 Rxb2 31. Qxb2 Qa5 32. Bxc6 h6 33. f3 Rc8 34. d5 Rf8 35. Qc3 Qd8 36. Qe3 Qa5 37.
f4 Rb8 38. Qc3 Qb6+ 39. Qc5 Qb2 40. Qc2 Qd4+ 41. Qf2 Qd3 42. Re1 Rb1 43. d6 Rxe1+ 44. Qxe1 Qxd6 45. Bd5 Qc5+ 46. Kh1 Qa3 47. e5 Qxa4 48.
Bg2 Be6 49. h3 Qd4 50. Qa5 Bg8 51. Kh2 h5 52. h4 Qb2 53. Kh1 Qc1+ 54. Kh2 Qc2 55.
Qd8 Kh7 56. Qd6 Bc4 57. Qd4 Bf1 58. Qe4+ Qxe4 59. Bxe4+ Kg8 60. Bd5+ Kf8 61. Kg1 Bh3 62.
Kf2 Ke7 63. Ke3 g6 64. Be4 Kf7 65. Kd4 Bf1 66. Kc5 Bh3 67. Bd5+ Ke7 68. Kb5 Bc8 69. Ka5 Bd7 70. Be4 Bc8 71. Bxg6 Bg4 72. Ka6 Kd7 73. Be4 Ke6 74. Kxa7 Bd1 75. Kb6 Bg4 76. Kc5 Bd1 77. Kd4 Bg4 78. Bd5+ Kf5 79. Bc4 Bd1 80.
Ke3 Bg4 81. Bd3+ Ke6 82. Kd4 Bf3 83. f5+ Ke7 84. Ke3 Bg4 85. Kf4 Bd1 86. Bc4 Bg4 87. f6+ Kf8 88. e6 Bd1 89. e7+ Ke8 90. Bb5+ Kf7 91. e8=Q+ Kxf6 92. Qe5+ Kg6 93. Bd3+ Kh6 94.
Qf6# 1-0

[Event "Early-Titled-Tuesday-Blitz-May-07-2024"]
[Site "Chess.com"]
[Date "2024.05.07"]
[Round "5"]
[White "Kushch_Nikolai"]
[Black "LimeInTheCoconut"]
[Result "1/2-1/2"]
[WhiteElo "2412"]
[BlackElo "2580"]
[TimeControl "180+1"]
[EndTime "9:01:18 PDT"]
[Termination "Game drawn by repetition"]

1. Nf3 Nf6 2. c4 c5 3. Nc3 g6 4.
e3 Bg7 5. d4 cxd4 6. exd4 d5 7.
Be2 O-O 8. h3 dxc4 9. Bxc4 Nbd7 10. O-O Nb6 11. Bb3 Nfd5 12. Re1 e6 13. Bg5 Nxc3 14. bxc3 Qc7 15. Qd2 Nc4 16. Bxc4 Qxc4 17. Bh6 f6 18. Bxg7 Kxg7 19. Rab1 b6 20. Rb4 Qc7 21.
a4 Re8 22. Re3 Bb7 23. Qe1 Qc6 24. h4 Rad8 25. Qe2 h6 26. Qb5 g5 27. a5 Qxb5 28. Rxb5 Bc6 29. Rb1 b5 30. hxg5 hxg5 31. Nd2 e5 32.
Nb3 exd4 33. Nxd4 Rxe3 34. fxe3 Rc8 35. Kf2 a6 36. Kg3 Be4 37. Rc1 Rc4 38. Kf2 Ra4 39. Ne6+ Kg6 40. Nc5 Ra2+ 41. Ke1 Bxg2 42. Nxa6 Rxa5 43.
Nc7 Bc6 44. Ne6 Ra2 45. Nd4 Bd7 46. Rb1 Ra3 47. Nxb5 Bxb5 48. Rxb5 Rxc3 49. Kf2 Rc6 50. Kf3 Re6 51. e4 Re5 52. Rb3 g4+ 53. Kf4 Kf7 54.
Kxg4 Rxe4+ 55. Kf3 Re5 56. Rb6 Kg6 57. Ra6 Kf5 58.
Ra3 Rc5 59. Rb3 Rd5 60. Ra3 Kg5 61. Rb3 f5 62. Ra3 Rd8 63. Rb3 Rh8 64. Kg3 f4+ 65.
Kg2 Kg4 66. Kg1 Rd8 67. Kf1 Rd2 68. Ra3 Rb2 69. Rc3 Rh2 70. Ra3 Rh1+ 71. Kg2 Rb1 72. Kf2 Rb2+ 73. Kf1 Rb4 74. Rc3 Re4 75. Ra3 Kf5 76. Rb3 Ke5 77. Ra3 Kd4 78. Kf2 Ke5 79. Rb3 Kf5 80. Ra3 Rd4 81. Rb3 Rd2+ 82. Kf1 Rd7 83.
Ra3 Kg4 84. Kf2 Rd2+ 85. Kf1 Rb2 86. Rc3 Rb1+ 87. Kf2 Rb2+ 88. Kf1 1/2-1/2

[Event "Early-Titled-Tuesday-Blitz-May-07-2024"]
[Site "Chess.com"]
[Date "2024.05.07"]
[Round "5"]
[White "noblerone"]
[Black "briesmas"]
[Result "1/2-1/2"]
[WhiteElo "2505"]
[BlackElo "2307"]
[TimeControl "180+1"]
[EndTime "9:01:22 PDT"]
[Termination "Game drawn by repetition"]

1. e4 c5 2. Nc3 d6 3. g3 g6 4. Bg2 Bg7 5. d3 Nc6 6. Be3 e6 7. Qd2 Nd4 8. Nd1 h6 9. c3 Nc6 10. f4 Nge7 11. Nf3 b6 12. O-O Ba6 13. g4 d5 14. e5 Rc8 15. Re1 d4 16. cxd4 Nxd4 17. Nxd4 cxd4 18. Bf2 O-O 19. Bh4 Qd7 20. Bxe7 Qxe7 21.
Nf2 Rc7 22. Rac1 Rfc8 23. Rxc7 Qxc7 24. Ne4 Qc2 25. Rd1 Qxd2 26. Rxd2 Rc1+ 27. Kf2 g5 28. fxg5 hxg5 29. Nf6+ Bxf6 30. exf6 Kf8 31. Be4 Ke8 32. Kg3 Bc8 33. h4 gxh4+ 34. Kxh4 e5 35. g5 Rg1 36.
Rg2 Rxg2 37. Bxg2 Bf5 38. Bc6+ Kf8 39. Bb5 Kg8 40. Bc4 a5 41. a3 Bg6 42. Kg4 Kf8 43. Kf3 Ke8 44. Ke2 Kd7 45. Bd5 Kd6 46.
Be4 Bxe4 47. dxe4 Ke6 48. Kd3 b5 49. b3 Kd7 50. a4 bxa4 51. bxa4 Ke8 52. Ke2 Kf8 53. Kf3 Kg8 54. Kg4 Kh7 55. Kg3 Kg6 56.
Kg4 d3 57. Kf3 Kxg5 58. Ke3 Kxf6 59. Kxd3 Ke6 60. Kc4 f5 61. exf5+ Kxf5 62. Kb5 e4 63. Kxa5 e3 64. Kb6 e2 65. a5 e1=Q 66. a6 Qe3+ 67. Kb7 Qe7+ 68. Kb8 Qd6+ 69. Kb7 Qd7+ 70. Kb8 Qd8+ 71.
Kb7 Qe7+ 72. Kb8 Qb4+ 73. Ka8 Qe4+ 74. Kb8 Qb4+ 75. Ka8 Ke6 76. a7 Qa5 77. Kb8 Qd8+ 78. Kb7 Qd5+ 79. Kb8 Qb5+ 80. Ka8 Qc6+ 81. Kb8 Qd6+ 82.
Kb7 Qe7+ 83. Kb8 Qf8+ 84. Kb7 Qg7+ 85. Kb8 Qb2+ 86. Ka8 Qg2+ 87. Kb8 Qb2+ 88. Ka8 Qa3 89. Kb7 Qb4+ 90. Ka8 Qa5 91. Kb7 Qb5+ 92. Ka8 Qa6 93. Kb8 Qd6+ 94. Kb7 Qb4+ 95. Ka8 1/2-1/2

[Event "Early-Titled-Tuesday-Blitz-May-07-2024"]
[Site "Chess.com"]
[Date "2024.05.07"]
[Round "5"]
[White "Kazmin_Semyon"]
[Black "mbojan"]
[Result "1-0"]
[WhiteElo "2605"]
[BlackElo "2895"]
[TimeControl "180+1"]
[EndTime "9:01:28 PDT"]
[Termination "Kazmin_Semyon won by checkmate"]

1. d4 a6 2. e4 e6 3. Nc3 d5 4.
e5 c5 5. dxc5 Bxc5 6. Qg4 g6 7.
Bd3 Nc6 8. Nf3 f6 9. Bf4 fxe5 10. Nxe5 Nf6 11. Qe2 O-O 12. Bg3 Nh5 13. O-O-O Nxg3 14. fxg3 Qg5+ 15. Kb1 Qxe5 16. Qg4 Qg7 17. h4 e5 18. Qg5 Be7 19. Qd2 Bb4 20. h5 e4 21.
hxg6 hxg6 22. Be2 Be6 23. Qg5 Bxc3 24. bxc3 Rf5 25. Qh4 Ne5 26. Rh2 Kf7 27. g4 Rf6 28. Qg3 Nd7 29. Rdh1 Kg8 30. Qd6 Raf8 31. g5 Re8 32.
gxf6 Qxf6 33. Rh7 Nf8 34. R7h6 Kg7 35. R6h4 Bf7 36. Qg3 Re5 37. Rf1 Rf5 38. Rfh1 Qg5 39. Rg4 Qf6 40. Rgh4 Bg8 41. Bg4 Rg5 42. Qc7+ Qf7 43.
Qc5 Qf6 44. Qc7+ Qf7 45. Qc5 Ne6 46. Qe3 Qf4 47. Qe2 Qe5 48. Bxe6 Qxe6 49. Qe3 Qe5 50.
Rh6 Rg3 51. Qb6 Rxc3 52. Qxb7+ Rc7 53. Qb2 Qxb2+ 54. Kxb2 d4 55. R6h4 d3 56. Rxe4 Rxc2+ 57. Ka3 a5 58. Ra1 Rxg2 59. Rd4 Rg3 60. Ka4 Be6 61.
a3 Bf5 62. Kxa5 Kf6 63. Kb4 Ke5 64. Rd8 Kf4 65. a4 Rg2 66. a5 Rb2+ 67. Kc3 Rb7 68. a6 Ra7 69. Rd6 Rc7+ 70. Kb4 Ke3 71. Re1+ Kf2 72.
Re5 Kf3 73. Ka5 Kf4 74. Re1 Rc2 75. Ra1 Rc7 76. Kb6 Rc8 77. a7 Ke5 78. Rc6 Ra8 79. Rc7 Be4 80. Re7+ Kf5 81. Rf1+ Bf3 82. Rxf3+ Kg4 83.
Rxd3 Rxa7 84. Kxa7 g5 85. Rd5 Kh5 86. Ree5 Kg4 87.
Rxg5+ Kf4 88. Rdf5+ Ke3 89. Ra5 Kd2 90. Rg3 Kc2 91.
Ra2+ Kb1 92. Rf2 Kc1 93. Rg1# 1-0

[Event "Early-Titled-Tuesday-Blitz-May-07-2024"]
[Site "Chess.com"]
[Date "2024.05.07"]
[Round "5"]
[White "Thjop"]
[Black "DACF2905"]
[Result "1-0"]
[WhiteElo "2585"]
[BlackElo "2435"]
[TimeControl "180+1"]
[EndTime "9:01:28 PDT"]
[Termination "Thjop won on time"]

1. e4 e6 2. d4 d5 3. Nd2 Nc6 4. Ngf3 Nf6 5. e5 Nd7 6. Bd3 Nb4 7. Be2 f6 8. O-O fxe5 9. Nxe5 Nxe5 10. dxe5 Be7 11.
f4 O-O 12. c3 Nc6 13. Nb3 a5 14. a4 Bd7 15. Be3 b6 16. Bd3 Qe8 17. Qg4 Nd8 18. Rad1 c5 19. f5 exf5 20. Bxf5 Bxf5 21. Rxf5 Rxf5 22. Qxf5 Qxa4 23. Qc2 Qc6 24. Qd2 a4 25. Na1 Ne6 26. Qxd5 Qxd5 27. Rxd5 a3 28. b3 a2 29. Kf2 g5 30. Ke2 b5 31. Rd7 Kf7 32. Kd3 Rd8 33. Rxd8 Bxd8 34. Kc2 Bc7 35. Kb2 Bxe5 36. Kxa2 Bxc3 37.
Nc2 c4 38. h3 h5 39. bxc4 bxc4 40. Na3 Kg6 41. Nxc4 g4 42. Kb3 Bf6 43. hxg4 hxg4 44. Kc2 Kf5 45. Kd3 Nf4+ 46. Bxf4 Kxf4 47. Ke2 Bd4 48.
Nd2 Kg3 49. Kf1 Kh2 50. Ne4 Bb2 51. Nf2 Kg3 52. Nd3 Bd4 53. Nc1 Be3 54. Ne2+ Kh4 55. Nc3 Kg5 56. Ke2 Bd4 57. Nd5 Kh4 58. Kf1 Kg3 59. Ne7 Kf4 60. Nc6 Be3 61. Nb4 Ke4 62. Nc2 Bc5 63. Ne1 Bb4 64. Nc2 Bc3 65. Ke2 g3 66. Ne3 Bd4 67. Nf1 Be5 68. Nd2+ Kf4 69.
Kd3 Bd6 70. Nc4 Bc7 71. Ne3 Bb8 72. Nd5+ Kg4 73. Ke4 Ba7 74. Nf6+ Kh4 75. Kf5 Bf2 76. Nd5 Be1 77. Nf4 Bf2 78. Ng6+ Kh5 79. Ne5 Kh4 80. Nf3+ Kh5 81. Kf4 Bc5 82. Nd2 Bd6+ 83. Kf5 Bb8 84. Ne4 Kh4 85. Ng5 Kh5 86. Nf3 Bc7 87. Nd2 1-0

[Event "Early-Titled-Tuesday-Blitz-May-07-2024"]
[Site "Chess.com"]
[Date "2024.05.07"]
[Round "5"]
[White "baki83"]
[Black "RodTwinkz"]
[Result "1-0"]
[WhiteElo "2917"]
[BlackElo "2681"]
[TimeControl "180+1"]
[EndTime "9:01:33 PDT"]
[Termination "baki83 won by checkmate"]

1. e4 c5 2. Nf3 g6 3. d4 cxd4 4. Qxd4 Nf6 5. Nc3 Nc6 6. Qa4 d6 7. e5 dxe5 8. Nxe5 Bd7 9. Nxd7 Qxd7 10. Bb5 Bg7 11. O-O O-O 12. Bf4 a6 13. Bxc6 Qxc6 14. Qxc6 bxc6 15. Be5 Nd5 16. Bxg7 Kxg7 17. Ne4 Nf4 18.
g3 Ne6 19. Kg2 Rfd8 20. Rfe1 Rd5 21. Re3 Rad8 22. Rae1 a5 23. Ra3 Rb8 24. b3 Nd4 25. c4 Re5 26. f4 Re6 27. Rxa5 f5 28. Re5 Rxe5 29. fxe5 fxe4 30. Rxe4 c5 31. Kh3 h5 32. Rf4 Ne6 33. Rf2 Rd8 34. Kg2 Rd3 35. Rb2 Nd4 36.
Kf2 Nc6 37. Ke2 Rd4 38. a4 Nxe5 39. a5 Nc6 40. a6 Rd7 41. Ra2 Ra7 42. Ra4 Kf6 43.
Ke3 Ke6 44. Kf4 Nb4 45. Ra5 Nxa6 46. Kg5 Kf7 47. Kf4 Ra8 48. Ke5 Nc7 49. Rxc5 Ne6 50. Rb5 Rc8 51. Rb6 Nc5 52. Kd4 Nd7 53. Rb5 Ke6 54. b4 Nf6 55. c5 Rd8+ 56. Kc4 Nd5 57. Ra5 Nc7 58. b5 Kd7 59. b6 Ne6 60. Kd5 Nxc5 61.
Kxc5 Rc8+ 62. Kb5 Rb8 63. Ra7+ Kd6 64. Rc7 e5 65. Rg7 e4 66. Rxg6+ Kd5 67. Rg5+ Kd4 68. Rxh5 e3 69. Rh7 Re8 70. Rd7+ Kc3 71. Rd1 e2 72.
Rg1 Kd2 73. b7 Rf8 74. Kb6 Rf1 75. Rg2 Rb1+ 76. Kc7 Rc1+ 77. Kd7 Rb1 78. Kc8 Rc1+ 79. Kb8 Ke3 80. Rxe2+ Kxe2 81. g4 Kf3 82. g5 Kf4 83.
g6 Kf5 84. g7 Rg1 85. Ka8 Rxg7 86. b8=Q Kg6 87. Qd6+ Kh7 88. Qd3+ Rg6 89. h3 Kh6 90. Kb7 Rg8 91. Kc7 Rg7+ 92. Kd8 Rg6 93. Ke7 Rg7+ 94. Kf8 Rg6 95. Kf7 Rg5 96. Kf6 Rg8 97.
Qe3+ Kh7 98. Qe4+ Kh8 99. Qh4# 1-0

[Event "Early-Titled-Tuesday-Blitz-May-07-2024"]
[Site "Chess.com"]
[Date "2024.05.07"]
[Round "5"]
[White "Thebigsqueeze"]
[Black "nuadvaga"]
[Result "1-0"]
[WhiteElo "2369"]
[BlackElo "2153"]
[TimeControl "180+1"]
[EndTime "9:02:14 PDT"]
[Termination "Thebigsqueeze won on time"]

1. d4 Nf6 2. c4 c5 3. Nf3 cxd4 4. Nxd4 e5 5. Nf3 e4 6. Nd4 d5 7. e3 Bc5 8. Nc3 O-O 9. a3 dxc4 10. Bxc4 a6 11. b4 Ba7 12. O-O Qe7 13. Bb2 Bg4 14.
Qb3 Nbd7 15. Nd5 Nxd5 16. Bxd5 Nf6 17. h3 Bh5 18. Nf5 Qd7 19. Nh6+ Kh8 20. Bxf6 gxf6 21. Bxe4 Rae8 22. Qc3 Qe6 23. Bxb7 Bb8 24. e4 Be5 25. Qe3 Bxa1 26. Rxa1 Qe5 27. Re1 Bg6 28. Bxa6 Qxe4 29.
Qxe4 Rxe4 30. Rxe4 Bxe4 31. Bc4 Kg7 32. Ng4 Ra8 33. f3 Bg6 34. b5 Rxa3 35. Kh2 Rc3 36. Bd5 Rc5 37. Bc6 Bd3 38. Nf2 Bxb5 39. Bxb5 Rxb5 40.
Ne4 h5 41. Kg3 Kg6 42. Nc3 Rb3 43. Nd5 Rb5 44. Ne7+ Kg5 45. h4+ Kh6 46. Nc6 Rc5 47. Nd4 f5 48. Kf4 Kg6 49. Kg3 Rc4 50. Nb5 Ra4 51. Nd6 f4+ 52. Kh3 Ra1 53. Kh2 f6 54.
Ne4 Kf5 55. Nd6+ Ke5 56. Nf7+ Ke6 57. Nd8+ Kd6 58. Nf7+ Ke6 59. Nd8+ Kf5 60. Nc6 Ra3 61. Nd4+ Kg6 62. Ne6 Ra4 63. Kh3 Kf7 64. Nc5 Rc4 65.
Nd3 Ke6 66. Nb2 Rb4 67. Nd3 Rd4 68. Nc5+ Kf5 69. Kh2 Rc4 70. Nb7 Rc2 71. Nd6+ Ke5 72. Nf7+ Kd4 73. Nd8 Ke3 74. Ne6 Rc4 75. Ng7 Kf2 76.
Nxh5 Ra4 77. Nxf6 Kf1 78. Ng4 Ra2 79. h5 Rxg2+ 80. Kh3 Rg3+ 81. Kh4 Ke2 82. h6 Kxf3 83. Ne5+ Ke4 84. h7 Rg1 85. Ng6 Rh1+ 86. Kg5 f3 87. Nh4 f2 88. h8=Q f1=Q 89. Qa8+ Kd3 90. Qa6+ Kc2 91.
Qa2+ Kd1 92. Qb1+ Kd2 93. Qb2+ Ke1 94. Qc1+ Kf2 95. Qf4+ Ke2 96. Qc4+ Ke3 97. Qc5+ Ke2 98. Qc4+ Kd2 99. Qb4+ Kc2 100. Qa4+ Kb2 101. Qb4+ Kc2 102. Qa4+ Kc3 103. Qa5+ Kd4 104. Qb4+ Kd5 105. Qd2+ 1-0

[Event "Early-Titled-Tuesday-Blitz-May-07-2024"]
[Site "Chess.com"]
[Date "2024.05.07"]
[Round "5"]
[White "Perecke"]
[Black "Elegance_Riks"]
[Result "1-0"]
[WhiteElo "2553"]
[BlackElo "2742"]
[TimeControl "180+1"]
[EndTime "9:03:19 PDT"]
[Termination "Perecke won by resignation"]

1. e4 e6 2. d4 d5 3. Nc3 Bb4 4. e5 c5 5. Bd2 Ne7 6. a3 Bxc3 7.
Bxc3 Nbc6 8. Nf3 cxd4 9. Bxd4 Nxd4 10. Qxd4 Nc6 11. Qg4 O-O 12. Bd3 f5 13. exf6 Qxf6 14. O-O-O e5 15. Qh5 g6 16. Qh6 e4 17. Ng5 Qg7 18. Qxg7+ Kxg7 19. Bb5 h6 20. Nh3 Bxh3 21. gxh3 Rad8 22. Rd2 a6 23. Ba4 Na5 24. Rhd1 Rf5 25. c3 Nc4 26. Re2 Ne5 27. Rxe4 dxe4 28. Rxd8 Rxf2 29. Bc2 e3 30. Kd1 Nc4 31. Re8 Nxb2+ 32.
Kc1 Nc4 33. Bb3 e2 34. Bxc4 Rf1+ 35. Kd2 Ra1 36. Kxe2 b5 37. Bd3 Rxa3 38. Kd2 Ra2+ 39. Bc2 a5 40. Ra8 Ra3 41. Rb8 b4 42. cxb4 axb4 43.
Re8 Rxh3 44. Re2 b3 45. Bd3 g5 46. Kc3 h5 47. Rd2 g4 48. Kxb3 Kf6 49. Kc4 Kg5 50.
Bf1 Re3 51. Kd4 Re8 52. Bg2 h4 53. Kc3 Rc8+ 54. Kb2 h3 55. Be4 Re8 56. Bc6 Re6 57. Bd5 Re5 58. Kc3 Kh4 59. Kc4 Re1 60. Kd4 Re8 61.
Rf2 Rb8 62. Be4 Rd8+ 63. Ke5 Re8+ 64. Kd4 Rb8 65. Ke3 Rb3+ 66. Bd3 Rb8 67. Rf7 Re8+ 68. Be4 Rh8 69. Kf4 Rh6 70. Bf5 Kh5 71. Bxg4+ Kh4 72. Bf5 Kh5 73. Rg7 Rb6 74. Rh7+ Rh6 75. Bg4+ Kg6 76.
Ra7 Rh8 77. Kg3 Kf6 78. Bxh3 Rg8+ 79. Bg4 Rb8 80. h4 Kg6 81. Ra6+ Kh7 82. Kf4 Rb5 83.
Bf5+ Kg7 84. Kg5 Rb2 85. Ra7+ Kg8 86. Kh6 Rb6+ 87. Bg6 Rb8 88. h5 Rd8 89. Rg7+ Kh8 90. Re7 Kg8 91. Bf7+ Kh8 92. Ra7 Rd6+ 93. Bg6 Rd8 94.
Kg5 Rd5+ 95. Kf6 Rd8 96. Ke7 Rb8 97. Bf7 Rc8 98. Kf6 Rb8 99. Be6 Re8 100. Ra6 Rb8 101. Ra7 Re8 102. Rb7 Rf8+ 103. Kg5 Re8 104. Kf5 Rf8+ 105. Ke5 Re8 106. Rf7 Rg8 107. Kf6 Re8 108. Rd7 Rf8+ 109. Kg5 Re8 110. Rd6 Rf8 111. Bf5 Rf7 112. Bg6 Rg7 113. Rd8+ Rg8 114. Rd7 Rf8 115. Bf5 Rg8+ 116. Kf6 Re8 117. Be6 Rf8+ 118. Ke5 Re8 119. Kf5 Rf8+ 120. Ke4 Re8 121. Kd5 Rf8 122. Kd6 Re8 123. Bf7 Rb8 124. Bd5 Rf8 125. h6 Re8 126. Be6 Rb8 127. Ke5 Rf8 128. Bf7 Rb8 129. h7 Kxh7 130. Bd5+ Kh6 131. Kf6 Rb6+ 132. Be6 Kh5 133. Rd4 Ra6 134. Rb4 Rc6 135. Rb3 Rxe6+ 136. Kxe6 Kg4 137. Ke5 1-0

[Event "Early-Titled-Tuesday-Blitz-May-07-2024"]
[Site "Chess.com"]
[Date "2024.05.07"]
[Round "5"]
[White "kleinebeer98"]
[Black "Polish_fighter3000"]
[Result "1/2-1/2"]
[WhiteElo "2933"]
[BlackElo "3100"]
[TimeControl "180+1"]
[EndTime "9:03:49 PDT"]
[Termination "Game drawn by 50-move rule"]

1. e4 c5 2. Nf3 d6 3. d4 cxd4 4.
Nxd4 Nf6 5. Nc3 Nc6 6. Nd5 Nxd5 7. exd5 Qa5+ 8. Bd2 Qxd5 9. Nb5 Qe6+ 10. Be2 Qd7 11. O-O a6 12. Nc3 e6 13. Na4 Qc7 14. Be3 Be7 15.
Nb6 Rb8 16. c4 O-O 17. Rc1 Bf6 18.
Qd2 Rd8 19. Rfd1 h6 20. b4 Qe7 21. a4 Bg5 22. f4 Bf6 23. b5 Na7 24. Qb4 Qf8 25.
Nxc8 Nxc8 26. bxa6 d5 27. Qxf8+ Kxf8 28. cxd5 exd5 29.
axb7 Rxb7 30. Bf3 Ne7 31. a5 Rb5 32. Bb6 Ra8 33. Rb1 Rxb1 34. Rxb1 Bc3 35. Be2 Bxa5 36. Bxa5 Rxa5 37. Rb8+ Nc8 38. Rxc8+ Ke7 39. Kf2 g6 40. g4 Ra3 41. Rh8 g5 42. f5 Kf6 43. Rxh6+ Ke5 44.
h4 gxh4 45. Rxh4 d4 46. Rh7 f6 47. Re7+ Kf4 48. Rd7 Ke4 49. Rd6 Ra2 50. Re6+ Kf4 51.
Rd6 Ke5 52. Rd8 Ke4 53. Ke1 Ke3 54. Re8+ Kf4 55. Bd3 Kxg4 56. Re4+ Kg5 57. Rxd4 Rg2 58. Rd8 Rb2 59. Kd1 Ra2 60. Bc2 Ra3 61. Kd2 Rh3 62. Bd3 Kf4 63. Rd4+ Kg5 64. Ra4 Rg3 65. Ke2 Rh3 66.
Ra8 Kf4 67. Rg8 Rh2+ 68. Kd1 Ke3 69. Rg3+ Kf4 70. Rg8 Ke3 71. Bb5 Kf4 72. Bd7 Rh7 73. Be6 Rh2 74. Rf8 Ke5 75. Ke1 Rb2 76. Bc8 Rb8 77.
Re8+ Kf4 78. Kd2 Ra8 79. Kc3 Ra4 80. Kd3 Rb4 81. Re6 Kg5 82. Re8 Rb8 83. Ke4 Rb4+ 84. Kd5 Kf4 85. Rh8 Rb6 86. Bd7 Ra6 87. Be6 Rb6 88.
Kc5 Ra6 89. Rf8 Ke5 90. Kb5 Rd6 91. Re8 Kf4 92. Kc5 Rd2 93. Rh8 Ke5 94. Bc8 Rc2+ 95. Kb6 Kd6 96. Rd8+ Ke5 97. Rh8 Kd6 98. Ba6 Rb2+ 99.
Bb5 Ke5 100. Rh5 Kf4 101. Kc6 Kg4 102. Rh8 Kxf5 103. Kc5 Ke5 104. Re8+ Kf4 105. Bc4 Rd2 106. Kb4 f5 107. Kc3 Rd6 108. Bd3 Kg5 109. Kd2 f4 110. Rg8+ Kf6 111. Rf8+ Ke5 112. Rf5+ Ke6 113. Rxf4 Ke7 114. Ke3 Rb6 115. Kd4 Rd6+ 116. Ke4 Rf6 117. Rh4 Re6+ 118. Kf5 Rf6+ 119. Kg5 Rf2 120. Bf5 Kd6 121. Kf6 Rd2 122. Rh8 Rd5 123. Rd8+ Kc5 124. Rc8+ Kd6 125. Be6 Rd4 126. Rc2 Rf4+ 127. Bf5 Rd4 128. Ra2 Rd5 129. Ra6+ Kc5 130. Ke6 Rd1 131. Ke5 Rd5+ 132. Ke6 Rd1 133. Be4 Kc4 134. Rc6+ Kb5 135. Rc2 Kb4 136. Ke5 Kb3 137. Rc8 Kb4 138. Rc7 Kb5 139. Rb7+ Kc5 140. Rc7+ Kb4 141. Kf4 Rd4 142. Ke3 Rc4 143. Rb7+ Kc5 144. Bd3 Rb4 145. Rg7 Kd6 146. Rg6+ Ke5 147. Rg5+ Kd6 148. Be4 Rc4 149. Rd5+ Ke7 150. Kf4 Rc6 151. Ra5 Rf6+ 152. Bf5 Kd6 153. Ra6+ Ke7 154. Ra7+ Kd6 155. Ke4 Rf8 156. Ra6+ Kc5 157. Ke5 Kc4 158. Be6+ Kd3 159. Ra3+ Kd2 160. Ke4 Re8 161. Ra2+ Ke1 162. Ra6 Ke2 163. Kf4 1/2-1/2

[Event "Early-Titled-Tuesday-Blitz-May-07-2024"]
[Site "Chess.com"]
[Date "2024.05.07"]
[Round "6"]
[White "HeroWilczek"]
[Black "GMSrinath"]
[Result "0-1"]
[WhiteElo "2578"]
[BlackElo "2831"]
[TimeControl "180+1"]
[EndTime "9:06:27 PDT"]
[Termination "GMSrinath won by resignation"]

1. e4 c5 2. Nc3 d6 3. Nge2 Nf6 4. g3 g6 5. Bg2 Bg7 6. O-O O-O 7. d4 cxd4 8. Nxd4 Bg4 9. Nde2 Nc6 10. h3 Bd7 11.
Be3 Rc8 12. Qd2 a6 13. a4 Ne5 14. b3 Bxh3 15. f4 Bxg2 16. fxe5 Nxe4 17. Nxe4 Bxe4 0-1

[Event "Early-Titled-Tuesday-Blitz-May-07-2024"]
[Site "Chess.com"]
[Date "2024.05.07"]
[Round "6"]
[White "tandaleo"]
[Black "Baku_Boulevard"]
[Result "0-1"]
[WhiteElo "2591"]
[BlackElo "3008"]
[TimeControl "180+1"]
[EndTime "9:07:15 PDT"]
[Termination "Baku_Boulevard won by checkmate"]

1. d4 g6 2. h4 Nf6 3. c4 c5 4.
d5 b5 5. cxb5 a6 6. e3 Bg7 7. Nc3 h5 8. bxa6 O-O 9. a4 Nxa6 10. Bb5 Nb4 11. Nge2 Bb7 12. O-O Nbxd5 13. Nxd5 Nxd5 14. Nc3 e6 15. Nxd5 Bxd5 16. Qc2 Qxh4 17.
Qxc5 Be5 18. f4 Rfc8 19. Qb4 Rc2 20. Qe1 Rxg2# 0-1

[Event "Early-Titled-Tuesday-Blitz-May-07-2024"]
[Site "Chess.com"]
[Date "2024.05.07"]
[Round "6"]
[White "Kostya0705"]
[Black "platy3"]
[Result "1-0"]
[WhiteElo "2582"]
[BlackElo "2859"]
[TimeControl "180+1"]
[EndTime "9:07:23 PDT"]
[Termination "Kostya0705 won by resignation"]

1. e4 c5 2. Nf3 e6 3. d4 cxd4 4. Nxd4 Nc6 5. Nc3 Qc7 6. g4 a6 7.
h4 b5 8. Nxc6 dxc6 9. Qf3 e5 10.
Be3 Be6 11. O-O-O Nf6 12. Bh3 Nd7 13. g5 Bxh3 14. Qxh3 Be7 15. Kb1 O-O-O 16. Qf5 f6 17. Rd3 Kb7 18. Rhd1 Nc5 19. Bxc5 1-0

[Event "Early-Titled-Tuesday-Blitz-May-07-2024"]
[Site "Chess.com"]
[Date "2024.05.07"]
[Round "6"]
[White "Ati1517"]
[Black "Strong_Prodigy"]
[Result "0-1"]
[WhiteElo "2270"]
[BlackElo "2489"]
[TimeControl "180+1"]
[EndTime "9:07:29 PDT"]
[Termination "Strong_Prodigy won by resignation"]

1. e4 e5 2. Nf3 Nc6 3. d4 exd4 4.
Bc4 Bc5 5. c3 Nf6 6. e5 d5 7.
Bb5 Ne4 8. cxd4 Bb6 9. h3 O-O 10.
Bxc6 bxc6 11. Nc3 Nxc3 12. bxc3 Ba6 13. a4 Ba5 14. Bd2 f6 15. Qc2 fxe5 16. Nxe5 Qf6 17. f4 Rae8 18. O-O-O Qd6 19. Rhe1 Rb8 20. Be3 Qa3+ 21.
Kd2 Rb2 0-1